 Dungeon Crawl Stone Soup version 0.26.0-20-g3ca415f5b8 (webtiles) character file.

Game seed: 16672119821662537733

21 sizableburger the Digger (level 2, -8/19 HPs)
             Began as a Demonspawn Earth Elementalist on Jan 25, 2021.
             Killed by divine providence
             ... invoked by an orc priest
              (12 damage)
             ... on level 2 of the Dungeon.
             The game lasted 00:02:03 (1320 turns).

sizableburger the Digger (DsEE)                     Turns: 1320, Time: 00:02:04

Health: -8/19      AC:  2    Str:  8    XL:     2   Next: 65%
Magic:  5/5        EV: 12    Int: 16    God:
Gold:   45         SH:  0    Dex: 13    Spells: 2/5 levels left

rFire    + . .     SeeInvis .   d - +0 club
rCold    . . .     Faith    .   (no shield)
rNeg     . . .     Spirit   .   c - +0 robe
rPois    .         Reflect  .   (no helmet)
rElec    .         Harm     .   (no cloak)
rCorr    .         Rampage  .   (no gloves)
Will     .....                  (no boots)
Stlth    ++........             (no amulet)
HPRegen  0.06/turn              (no ring)
MPRegen  0.09/turn              (no ring)

@: no status effects
A: fire resistance 1
a: no special abilities


You were on level 2 of the Dungeon.
You visited 1 branch of the dungeon, and saw 2 of its levels.

You collected 45 gold pieces.

Inventory:

Hand Weapons
 d - a +0 club (weapon)
Missiles
 b - 56 stones
 i - a throwing net
Armour
 c - a +0 robe (worn)
Scrolls
 a - a scroll of fear {unknown}
 e - a scroll of enchant armour {unknown}
 f - 2 scrolls of identify {unknown}
 g - a scroll of enchant weapon {unknown}
 k - a scroll of fog {unknown}
Potions
 h - a potion of flight {unknown}
 j - a potion of might {unknown}


   Skills:
 + Level 0.6 Maces & Flails
 - Level 1.7 Dodging
 - Level 1.7 Stealth
 - Level 2.2 Spellcasting
 - Level 1.3 Transmutations
 + Level 3.1 Earth Magic


You had 2 spell levels left.
You knew the following spells:

 Your Spells              Type           Power        Failure   Level
a - Sandblast             Erth           22%          5%          1
b - Passwall              Tmut/Erth      6%           12%         2

Your spell library contained the following spells:

 Spells                   Type           Power        Failure   Level
 Stone Arrow              Conj/Erth      12%          32%         3
 Petrify                  Tmut/Erth      8%           63%         4
 Lee's Rapid Deconstruct  Erth           5%           83%         5


Dungeon Overview and Level Annotations

Branches:
Dungeon (2/15)

Altars:


Innate Abilities, Weirdness & Mutations

Your flesh is heat resistant. (rF+)


Message History

There is a stone staircase leading down here.
You climb downwards. 2 orcs, an orc priest and an orc wizard come into view.
There is a stone staircase leading up here.
There are monsters nearby!
Casting: Sandblast (safe; 5% risk of failure)
Confirm with . or Enter, or press ? or * to list all spells.
You can't see any susceptible monsters within range! (Use Z to cast anyway.) Unknown command.
The orc wizard shouts!
The orc shouts!
The orc priest shouts!
The orc shouts!
You hear a shout!
The orc priest casts a cantrip, but nothing happens.
The orc priest invokes the aid of Beogh against you.
Beogh smites you!
Ouch! That really hurt!
* * * LOW HITPOINT WARNING * * *
The orc priest mumbles some strange prayers to Beogh against you.
Beogh smites you!
Ouch! That really hurt!
You die... #. #o #o #o #o #. #.####.### #.@....... ######.###

You could see an orc priest, an orc wizard and 2 orcs.

Vanquished Creatures
  2 leopard geckos (D:1)
  5 bats (D:1)
  A giant cockroach (D:1)
  3 goblins (D:1)
  3 hobgoblins (D:1)
  A ball python (D:1)
  4 rats (D:1)
19 creatures vanquished.

Notes
Turn   | Place    | Note
-------+----------+-------------------------------------------
     0 | D:1      | sizableburger the Demonspawn Earth Elementalist began the
                  | quest for the Orb.
     0 | D:1      | Reached XP level 1. HP: 13/13 MP: 3/3
   102 | D:1      | Reached skill level 1 in Transmutations
   247 | D:1      | Gained mutation: Your flesh is heat resistant. (rF+)
                  | [demonic ancestry]
   247 | D:1      | Reached XP level 2. HP: 17/19 MP: 3/5
   572 | D:1      | Reached skill level 3 in Earth Magic
  1210 | D:1      | Learned a level 2 spell: Passwall
  1320 | D:2      | Killed from afar by an orc priest

Illustrated notes

Levels and vault maps discovered:
D:1:      dpeg_arrival_castle, layout_basic
D:2:      layout_loops_ring, supply_closet_lemuel, makhleb_heckhound_becter,
          uniq_natasha, uniq_sigmund

Skill      XL: |  1  2 |
---------------+-------+-----
Transmutations | 1 |  1.3
Earth Magic    | 3 |  3.1
Maces & Flails | |  0.6
Dodging        | |  1.7
Stealth        | |  1.7
Spellcasting   | |  2.2

Action                   || total
-------------------------++-------
Melee: Club              ||    48
       Unarmed           ||     3
 Cast: Sandblast         ||    10
 Stab: Sleeping          ||     1
Armor: Robe              ||    14
Dodge: Dodged            ||    53
